 Dungeon Crawl Stone Soup version 0.23-a0-490-ge7ea69a (webtiles) character file.

210 Espgualade the Skirmisher (level 5, 0/35 HPs)
             Began as a Tengu Ice Elementalist on Dec 2, 2018.
             Was an Initiate of Vehumet.
             Slain by a big kobold (3 damage)
             ... in a sewer.
             The game lasted 00:11:14 (3152 turns).

Espgualade the Skirmisher (Tengu Ice Elementalist)  Turns: 3152, Time: 00:11:15

Health: 0/35       AC:  9    Str:  6 (9)  XL:     5   Next: 88%
Magic:  1/9        EV: 15    Int: 16      God:    Vehumet [......]
Gold:   187        SH:  0    Dex: 12 (14) Spells: 2/8 levels left

rFire    . . .     SeeInvis .   g - +0 mace (protect)
rCold    . . .     Gourm    +   (no shield)
rNeg     . . .     Faith    .   a - +0 robe
rPois    .         Spirit   .   (helmet restricted)
rElec    .         Reflect  .   (no cloak)
rCorr    +         Harm     .   (no gloves)
MR       .....                  (boots unavailable)
Stlth    +++.......             f - amulet of the gourmand
HPRegen  0.11/turn              e - ring of resist corrosion
MPRegen  0.11/turn              p - ring of stealth

@: protection aura, flying quickly and evasively, drained, quick
A: beak, talons 3, able to fly 1
a: Renounce Religion


You were in a sewer.
You worshipped Vehumet.
Vehumet was noncommittal.
You were not hungry.

You visited 1 branch of the dungeon, and saw 3 of its levels.
You also visited: Sewer.

You collected 187 gold pieces.

Inventory:

Hand Weapons
 g - a +0 mace of protection (weapon)
 l - a cursed +0 dagger
Armour
 a - a +0 robe (worn)
Jewellery
 e - a ring of resist corrosion (left hand)
 f - an amulet of the gourmand (around neck)
 p - a ring of stealth (right hand)
Scrolls
 b - a scroll of fog
Potions
 h - a potion of degeneration
 k - a potion of flight
Comestibles
 c - 3 rations


   Skills:
 + Level 5.4(5.3) Fighting
 - Level 2.1 Dodging
 - Level 2.0(1.9) Stealth
 - Level 2.0(1.9) Spellcasting
 - Level 1.3(1.2) Conjurations
 - Level 2.6(2.5) Ice Magic


You had 2 spell levels left.
You knew the following spells:

 Your Spells              Type           Power        Failure   Level  Hunger
a - Freeze                Ice            #...         8%          1    #......
b - Throw Frost           Conj/Ice       #.....       14%         2    ###....
c - Ozocubu's Armour      Chrm/Ice       #.......     36%         3    ###....

Your spell library contained the following spells:

 Spells                   Type           Power        Failure   Level  Hunger
 Throw Icicle             Conj/Ice       #.......     67%         4    #####..
 Summon Ice Beast         Ice/Summ       #.......     77%         4    #####..


Dungeon Overview and Level Annotations

Branches:
Dungeon (3/15)

Altars:
Nemelex Xobeh
Qazlal
Ru
Trog
Vehumet


Innate Abilities, Weirdness & Mutations

You have a beak for a mouth.
You have claws for feet.
You can fly.


Message History

You freeze the big kobold.
The big kobold is heavily wounded.
The big kobold hits you.
* * * LOW HITPOINT WARNING * * *
Casting: Freeze (safe; 8% risk of failure)
Confirm with . or Enter, or press ? or * to list all spells.
Aiming: Freeze (safe; 8% risk of failure)
Press: ? - help, Shift-Dir - straight line, f/p - big kobold
Aim: a big kobold (heavily wounded)
You freeze the big kobold.
The big kobold is severely wounded.
The big kobold misses you.
You hit the big kobold but do no damage.
Your weapon exudes an aura of protection.
The big kobold is severely wounded.
The big kobold barely misses you.
You hit the big kobold.
The big kobold is almost dead.
The big kobold barely misses you. The big kobold hits you.
You die...

#.≈†..≈≈## ..≈≈≈≈≈≈.#
#≈≈≈≈≈≈.≈# #≈...≈..#
#≈≈..≈≈≈≈####.≈≈≈...## .
≈≈####..≈≈##≈..≈≈≈≈.≈##≈≈
### ##.≈≈≈≈.≈...≈..≈≈.≈≈
##≈.≈≈.≈≈.≈..≈...≈≈
#.≈≈...........≈≈≈
#≈≈..≈≈.∩.∩.≈≈≈≈≈≈
#≈≈≈..≈.K@...≈.≈≈≈
#≈≈..≈.≈≈.....≈≈≈≈
#≈.≈..≈≈≈.≈≈...≈.≈.
#≈≈≈≈##≈..≈≈...≈##≈≈
≈..≈≈####≈≈.≈.≈≈## ≈
≈≈.≈≈ #..≈≈≈.≈# ≈≈≈≈≈≈≈≈.
.≈.≈..≈≈≈≈.


You could see a big kobold.

Vanquished Creatures
  An orc wizard (D:3)
  Jessica (D:2)
  Robin (D:2)
  A gnoll (D:1)
  5 adders
  A river rat (Sewer)
  An ooze (D:2)
  A worm (D:2)
  A dart slug (D:2)
  4 leopard geckos
  3 orcs
  11 bats
  2 giant cockroaches
  14 goblins
  5 hobgoblins
  5 kobolds
  8 frilled lizards
  4 rats
69 creatures vanquished.

Notes
Turn   | Place    | Note
-------+----------+-------------------------------------------
     0 | D:1      | Espgualade the Tengu Ice Elementalist began the quest for
                  | the Orb.
     0 | D:1      | Reached XP level 1. HP: 10/10 MP: 4/4
    29 | D:1      | Reached skill level 1 in Fighting
    32 | D:1      | Reached XP level 2. HP: 10/16 MP: 0/6
    92 | D:1      | Reached skill level 2 in Fighting
   542 | D:1      | Reached XP level 3. HP: 22/22 MP: 7/7
   887 | D:1      | Learned a level 2 spell: Throw Frost
   891 | D:1      | Learned a level 3 spell: Ozocubu's Armour
   931 | D:1      | Reached skill level 3 in Fighting
  1096 | D:2      | Noticed Robin
  1244 | D:2      | Reached XP level 4. HP: 18/28 MP: 3/8
  1503 | D:2      | Noticed Jessica
  1511 | D:2      | Killed Jessica
  1511 | D:2      | Reached skill level 4 in Fighting
  1555 | D:2      | Found a sparkling altar of Nemelex Xobeh.
  1556 | D:2      | Found a stormy altar of Qazlal.
  1556 | D:2      | Found a sacrificial altar of Ru.
  1557 | D:2      | Found a radiant altar of Vehumet.
  1558 | D:2      | Found a bloodstained altar of Trog.
  1580 | D:2      | Became a worshipper of Vehumet
  2019 | D:2      | Gained mutation: You can fly. [Tengu growth]
  2019 | D:2      | Reached XP level 5. HP: 34/34 MP: 3/9
  2248 | D:2      | Killed Robin
  2739 | D:3      | Reached skill level 5 in Fighting
  2970 | D:3      | Found a glowing drain.
  2985 | Sewer    | Entered a sewer
  3107 | Sewer    | Noticed a big kobold
  3152 | Sewer    | Slain by a big kobold

Vault maps used:
D:1:      onia_arrival_pentagram, minmay_tiny_reverse_x
D:2:      minmay_evil_eye, minitemple, uniq_robin, uniq_jessica
D:3:      portal_sewer_entry_d
Sewer:    sewer_co_tree

Skill      XL: |  1  2  3  4  5 |
---------------+----------------+-----
Fighting       | 1 2 3 4 5 |  5.4
Dodging        | |  2.1
Stealth        | |  2.0
Spellcasting   | |  2.0
Conjurations   | |  1.3
Ice Magic      | |  2.6

Action                   |  1- 3 |  4- 6 || total
-------------------------+-------+-------++-------
Melee: Unarmed           |    67 |    54 ||   121
       Peck              |    14 |     7 ||    21
       Kick              |    12 |    13 ||    25
       Mace              |       |    29 ||    29
 Cast: Freeze            |    29 |    57 ||    86
       Ozocubu's Armour  |     1 |     1 ||     2
  Use: Scroll            |     5 |     5 ||    10
       Potion            |       |    11 ||    11
 Stab: Sleeping          |     3 |     3 ||     6
       Invisible         |       |     1 ||     1
  Eat: Chunk             |     2 |    11 ||    13
Armor: Robe              |    25 |    19 ||    44
       Skin              |       |     1 ||     1
Dodge: Dodged            |    77 |    87 ||   164

Table legend:
 A = Non-vault XP
 B = Vault XP
 C = Vault XP percentage of total XP
 D = Non-vault monster count
 E = Vault monster count
 F = Vault count percentage of total count
                 A         B        C        D         E       F
            +---------+---------+-------+---------+---------+-------
      Total |     170 |     131 |  43.5 |      46 |      23 |  33.3
            +---------+---------+-------+---------+---------+-------
        D:1 |      50 |      11 |  18.0 |      24 |       5 |  17.2
        D:2 |      52 |      94 |  64.4 |      14 |      16 |  53.3
        D:3 |      68 |      13 |  16.0 |       8 |       1 |  11.1
      Sewer |       0 |      13 | 100.0 |       0 |       1 | 100.0
            +---------+---------+-------+---------+---------+-------
